Peoria Rivermen vs Philadelphia Phantoms
Created - Sunday, February 16, 2025 at 09:15
Goals
|
| Peoria Rivermen |
3 |
0 |
1 |
4 |
| Philadelphia Phantoms |
1 |
2 |
2 |
5 |
|
Shots
|
| Peoria Rivermen |
24 |
5 |
11 |
40 |
| Philadelphia Phantoms |
11 |
8 |
9 |
28 |
|
1st period
1. Peoria Rivermen , Nico Sturm 11 (Jonas Rondbjerg 7) at 2:39
2. Peoria Rivermen , Colin Blackwell 6 (Oskar Sundqvist 14, Nico Sturm 18) at 11:43
3. Peoria Rivermen , Nico Sturm 12 (Jonas Rondbjerg 8, Jaxson Stauber) at 12:39
4. Philadelphia Phantoms , Alex Steeves 7 (Ryan Winterton 5, Luca Del Bel Belluz 6) at 18:29 (PP)
Penalties :
Matt Rempe (PHP) for Fighting (Major) at 18:15, Patrick Giles (PRM) for Fighting (Major) at 18:15, Patrick Giles (PRM) for instigated a fight (Minor) at 18:15, Patrick Giles (PRM) for instigated and being the aggresor in a fight (20 Minutes Game Misconduct) at 18:15
2nd period
5. Philadelphia Phantoms , Lukas Rousek 3 (Alex Swetlikoff 2) at 2:39
6. Philadelphia Phantoms , Adam Klapka 4 (Matt Rempe 4) at 12:47
Penalties :
Jalen Chatfield (PRM) for Delaying the game (Minor) at 3:26, Tyler Kleven (PHP) for Tripping (Minor) at 7:51, Jesper Froden (PRM) for Roughing (Minor) at 10:29, Matt Rempe (PHP) for Fighting (Major) at 13:04, Mason Lohrei (PRM) for Fighting (Major) at 13:04, Jaycob Megna (PRM) for Holding (Minor) at 14:35
3rd period
7. Philadelphia Phantoms , Alex Steeves 8 (Tye Kartye 8, Louis Crevier 7) at 0:56
8. Philadelphia Phantoms , Marcus Bjork 3 (Adam Klapka 4, Reilly Walsh 4) at 5:27
9. Peoria Rivermen , Oskar Sundqvist 7 (Colin Blackwell 5, Zachary Bolduc 6) at 9:21
Penalties :
Lukas Rousek (PHP) for Interference (Minor) at 9:34, Jesper Froden (PRM) for Interference (Minor) at 12:36, Sasha Chmelevski (PRM) for Slashing (Minor) at 17:36
Goalie Stats
Jaxson Stauber (PRM), 23 saves from 28 shots - (0.821), L, 8-2-1, 60:00 minutes
Dennis Hildeby (PHP), 36 saves from 40 shots - (0.900), W, 4-1-3, 60:00 minutes
Players Stats for Peoria Rivermen
Player Name G A P +/- PIM S H SB GA TA FO MP PP MP PK MP
------------------------------------------------------------------------------------
0 0 0 0 0 0 0 0 0 0 0/0 0:00 0:00 0:00
Colin Blackwell 1 1 2 0 0 4 0 0 0 0 1/1 16:11 2:03 0:00
Emil Heineman 0 0 0 0 0 2 2 0 3 0 0/4 15:24 0:00 3:43
Grant Mismash 0 0 0 0 0 0 1 0 0 0 0/1 11:41 0:00 0:00
Jalen Chatfield 0 0 0 0 2 1 2 0 1 1 0/0 25:24 2:03 3:58
Jaycob Megna 0 0 0 0 2 0 0 3 0 1 0/0 24:12 2:03 3:55
Jesper Froden 0 0 0 0 4 0 0 0 0 0 0/0 6:34 0:00 0:00
Jonas Rondbjerg 0 2 2 0 0 5 0 2 0 0 0/2 14:57 1:55 0:00
Jonathan Gruden 0 0 0 0 0 4 2 2 0 0 1/3 19:40 1:55 4:43
Mason Lohrei 0 0 0 0 5 0 1 2 1 0 0/0 16:08 1:55 4:17
Matt Kessel 0 0 0 0 0 1 1 2 0 1 0/0 16:09 0:00 1:54
Nico Sturm 2 1 3 0 0 7 2 0 0 1 11/18 20:04 1:55 4:29
Oskar Sundqvist 1 1 2 0 0 4 2 0 1 1 10/17 17:30 2:03 0:28
Patrick Giles 0 0 0 1 27 3 1 0 0 0 4/5 5:15 0:00 0:00
Sasha Chmelevski 0 0 0 -1 2 1 1 0 1 0 1/7 13:34 0:00 1:29
Tanner Fritz 0 0 0 0 0 1 0 1 0 0 1/3 11:21 0:00 4:29
Tyler Tucker 0 0 0 -1 0 0 3 3 0 0 0/0 16:39 0:00 0:54
Victor Soderstrom 0 0 0 1 0 0 0 2 1 1 0/0 21:43 1:55 5:20
Zachary Bolduc 0 1 1 0 0 7 0 0 0 0 0/0 17:18 2:03 0:57
Players Stats for Philadelphia Phantoms
Player Name G A P +/- PIM S H SB GA TA FO MP PP MP PK MP
------------------------------------------------------------------------------------
0 0 0 0 0 0 0 0 0 0 0/0 0:00 0:00 0:00
Adam Klapka 1 1 2 1 0 2 1 0 0 0 8/13 13:43 0:07 1:55
Alex Steeves 2 0 2 1 0 3 1 0 0 1 0/0 16:00 4:59 0:00
Alex Swetlikoff 0 1 1 1 0 0 0 0 0 0 0/0 11:53 0:27 0:11
Egor Afanasyev 0 0 0 1 0 2 1 0 2 1 9/13 19:28 4:53 2:00
James Malatesta 0 0 0 -3 0 6 3 0 0 0 0/0 16:34 4:57 0:00
Jaret Anderson-Dolan 0 0 0 1 0 1 3 0 1 0 1/1 14:38 0:11 1:55
Louis Crevier 0 1 1 1 0 1 0 0 0 0 0/0 23:38 4:42 1:51
Luca Del Bel Belluz 0 1 1 1 0 1 2 1 0 2 4/14 17:04 5:05 0:03
Lukas Rousek 1 0 1 1 2 1 0 0 0 1 0/1 12:11 0:00 0:00
Marcus Bjork 1 0 1 0 0 2 1 0 0 1 0/0 22:40 5:27 2:07
Matt Rempe 0 1 1 1 10 1 1 0 1 0 0/1 9:11 0:00 0:00
Nick Blankenburg 0 0 0 0 0 2 1 1 0 0 0/0 17:54 0:00 1:51
Nils Aman 0 0 0 -3 0 0 0 1 0 0 1/2 13:08 0:00 1:52
Reilly Walsh 0 1 1 0 0 0 0 1 0 2 0/0 23:04 5:27 2:07
Ryan Johnson 0 0 0 0 0 1 1 1 0 0 0/0 19:28 4:42 0:00
Ryan Winterton 0 1 1 -3 0 0 1 0 1 0 8/14 16:25 5:05 0:00
Tye Kartye 0 1 1 1 0 5 5 0 1 0 1/2 15:43 4:43 0:00
Tyler Kleven 0 0 0 -1 2 0 2 1 0 0 0/0 13:16 0:00 0:00
3 Stars
1 - Nico Sturm (PRM)
2 - Alex Steeves (PHP)
3 - Adam Klapka (PHP)
Power Play
Peoria Rivermen - 0 on 2 Attempt(s) - 0.00%
Philadelphia Phantoms - 1 on 6 Attempt(s) - 16.67%
Penalty Kill
Peoria Rivermen - 5 on 6 Attempt(s) - 83.33%
- Score 0 goal in Penalty Kill
Philadelphia Phantoms - 2 on 2 Attempt(s) - 100.00%
- Score 0 goal in Penalty Kill
Team Stat
Peoria Rivermen - Hits : 18 - Faceoff Wins : 29 - Blocked Shots : 17 - Penalty Minutes : 42
Philadelphia Phantoms - Hits : 23 - Faceoff Wins : 32 - Blocked Shots : 6 - Penalty Minutes : 14
Official
Referees : Chris Lee and Kyle Rehman
Linesman : Travis Toomey and Bevan Mills
Game Notes
Matt Rempe and Patrick Giles fight to a draw at 18:15 of 1st period
Patrick Giles (PRM) for instigated and being the aggresor in a fight (20 Minutes Game Misconduct) at 18:15
Patrick Giles ejected from game at 18:15 of 1st period
Patrick Giles from Peoria Rivermen is suspended for 3 game(s)
Matt Rempe and Mason Lohrei fight to a draw at 13:04 of 2nd period
Peoria Rivermen
5 vs 5 Forward
Center Left Wing Right Wing Time % Phy DF OF
1 Oskar Sundqvist Zachary Bolduc Colin Blackwell 30 1 2 2
2 Nico Sturm Jonathan Gruden Jonas Rondbjerg 30 1 2 2
3 Patrick Giles Grant Mismash Emil Heineman 25 1 2 2
4 Tanner Fritz Sasha Chmelevski Jesper Froden 15 1 2 2
5 vs 5 Defense
Defense Defense Time % Phy DF OF
1 Jaycob Megna Mason Lohrei 30 1 2 2
2 Jalen Chatfield Victor Soderstrom 30 1 2 2
3 Tyler Tucker Matt Kessel 25 1 2 2
4 Jaycob Megna Jalen Chatfield 15 1 2 2
PowerPlay Forward
Center Left Wing Right Wing Time % Phy DF OF
1 Oskar Sundqvist Zachary Bolduc Colin Blackwell 50 1 2 2
2 Nico Sturm Jonathan Gruden Jonas Rondbjerg 50 1 2 2
PowerPlay Defense
Defense Defense Time % Phy DF OF
1 Jaycob Megna Jalen Chatfield 50 1 2 2
2 Mason Lohrei Victor Soderstrom 50 1 2 2
Penalty Kill 4 Players Forward
Center Wing Time % Phy DF OF
1 Nico Sturm Tanner Fritz 50 1 2 2
2 Patrick Giles Jonathan Gruden 50 1 2 2
Penalty Kill 4 Players Defense
Defense Defense Time % Phy DF OF
1 Jaycob Megna Jalen Chatfield 50 1 2 2
2 Mason Lohrei Victor Soderstrom 50 1 2 2
Penalty Kill - 3 Players Forward
Forward Time % Phy DF OF
1 Oskar Sundqvist 50 1 2 2
2 Nico Sturm 50 1 2 2
Penalty Kill - 3 Players Defense
Defense Defense Time % Phy DF OF
1 Jaycob Megna Jalen Chatfield 50 1 2 2
2 Mason Lohrei Victor Soderstrom 50 1 2 2
4 vs 4 Forward
Center Wing Time % Phy DF OF
1 Oskar Sundqvist Nico Sturm 50 1 2 2
2 Colin Blackwell Zachary Bolduc 50 1 2 2
4 vs 4 Defense
Defense Defense Time % Phy DF OF
1 Jaycob Megna Jalen Chatfield 50 1 2 2
2 Mason Lohrei Victor Soderstrom 50 1 2 2
Last Minutes Offensive
Center Left Wing Right Wing Defense Defense
Oskar Sundqvist Zachary Bolduc Colin Blackwell Jaycob Megna Jalen Chatfield
Last Minutes Defensive
Center Left Wing Right Wing Defense Defense
Oskar Sundqvist Zachary Bolduc Colin Blackwell Jaycob Megna Jalen Chatfield
Goaltenders
Starting : Jaxson Stauber
Backup : Kyle Keyser
Extra Forwards
Normal : Sasha Chmelevski, Patrick Giles, Emil Heineman - PP : Sasha Chmelevski, Patrick Giles - PK : Emil Heineman
Extra Defensemen
Normal : Tyler Tucker, Matt Kessel, Mason Lohrei - PP : Tyler Tucker - PK : Matt Kessel, Mason Lohrei
Penalty Shots
Oskar Sundqvist, Nico Sturm, Colin Blackwell, Zachary Bolduc, Jonas Rondbjerg
Scratches
Marc Del Gaizo (Healthy), Zachary Fucale (Healthy)
Philadelphia Phantoms
5 vs 5 Forward
Center Left Wing Right Wing Time % Phy DF OF
1 Egor Afanasyev Tye Kartye Alex Steeves 25 0 1 4
2 Luca Del Bel Belluz Jaret Anderson-Dolan Lukas Rousek 25 0 2 3
3 Ryan Winterton James Malatesta Nils Aman 25 0 2 3
4 Adam Klapka Alex Swetlikoff Matt Rempe 25 0 1 4
5 vs 5 Defense
Defense Defense Time % Phy DF OF
1 Reilly Walsh Marcus Bjork 35 0 3 2
2 Louis Crevier Nick Blankenburg 35 0 3 2
3 Ryan Johnson Tyler Kleven 30 0 3 2
4 Reilly Walsh Marcus Bjork 0 0 3 2
PowerPlay Forward
Center Left Wing Right Wing Time % Phy DF OF
1 Egor Afanasyev Tye Kartye James Malatesta 50 0 0 5
2 Luca Del Bel Belluz Alex Steeves Ryan Winterton 50 0 0 5
PowerPlay Defense
Defense Defense Time % Phy DF OF
1 Louis Crevier Ryan Johnson 50 0 1 4
2 Reilly Walsh Marcus Bjork 50 0 1 4
Penalty Kill 4 Players Forward
Center Wing Time % Phy DF OF
1 Adam Klapka Jaret Anderson-Dolan 50 0 5 0
2 Egor Afanasyev Nils Aman 50 0 5 0
Penalty Kill 4 Players Defense
Defense Defense Time % Phy DF OF
1 Reilly Walsh Marcus Bjork 50 0 5 0
2 Louis Crevier Nick Blankenburg 50 0 5 0
Penalty Kill - 3 Players Forward
Forward Time % Phy DF OF
1 Adam Klapka 50 0 5 0
2 Egor Afanasyev 50 0 5 0
Penalty Kill - 3 Players Defense
Defense Defense Time % Phy DF OF
1 Reilly Walsh Marcus Bjork 50 0 5 0
2 Louis Crevier Nick Blankenburg 50 0 5 0
4 vs 4 Forward
Center Wing Time % Phy DF OF
1 Egor Afanasyev Alex Steeves 50 0 1 4
2 Luca Del Bel Belluz Tye Kartye 50 0 2 3
4 vs 4 Defense
Defense Defense Time % Phy DF OF
1 Reilly Walsh Marcus Bjork 50 0 3 2
2 Louis Crevier Nick Blankenburg 50 0 3 2
Last Minutes Offensive
Center Left Wing Right Wing Defense Defense
Egor Afanasyev Tye Kartye Alex Steeves Louis Crevier Ryan Johnson
Last Minutes Defensive
Center Left Wing Right Wing Defense Defense
Egor Afanasyev Jaret Anderson-Dolan Adam Klapka Louis Crevier Nick Blankenburg
Goaltenders
Starting : Dennis Hildeby
Backup : Jared Moe
Extra Forwards
Normal : Egor Afanasyev, Luca Del Bel Belluz, Alex Swetlikoff - PP : Egor Afanasyev, Luca Del Bel Belluz - PK : Egor Afanasyev
Extra Defensemen
Normal : Louis Crevier, Ryan Johnson, Reilly Walsh - PP : Louis Crevier - PK : Louis Crevier, Ryan Johnson
Penalty Shots
Egor Afanasyev, Alex Steeves, Ryan Winterton, Adam Klapka, James Malatesta
Scratches
Albert Johansson (Healthy), Filip Cederqvist (Healthy), Tyrel Bauer (Healthy), Marcel Marcel (Healthy), Matthew Seminoff (Healthy)
Daniil Misyul (Healthy), Josh Lopina (Healthy), Isaac Poulter (Healthy), Colten Ellis (Healthy)
% Time on Ice - Peoria Rivermen
Lines # - Real PCT - Wanted PCT - Time Play
Normal Forward
1 - 32% - 30% - 14:30
2 - 29% - 30% - 13:12
3 - 26% - 25% - 11:41
4 - 14% - 15% - 6:14
Normal Defense
1 - 30% - 30% - 13:44
2 - 30% - 30% - 13:41
3 - 29% - 25% - 13:09
4 - 11% - 15% - 5:03
PP Forward
1 - 52% - 50% - 2:03
2 - 48% - 50% - 1:55
PP Defense
1 - 52% - 50% - 2:03
2 - 48% - 50% - 1:55
PK Forward
1 - 44% - 50% - 4:29
2 - 56% - 50% - 5:40
PK Defense
1 - 47% - 50% - 4:49
2 - 53% - 50% - 5:20
PK3 Forward
1 - 0% - 50%
2 - 0% - 50%
PK3 Defense
1 - 0% - 50%
2 - 0% - 50%
44 Forward
1 - 0% - 50%
2 - 0% - 50%
44 Defense
1 - 0% - 50%
2 - 0% - 50%
Last Minute Offensive - 0:16
Last Minute Defensive - 0:00
Total
Forward - 60:00
Defense - 60:00
|
% Time on Ice - Philadelphia Phantoms
Lines # - Real PCT - Wanted PCT - Time Play
Normal Forward
1 - 24% - 25% - 11:04
2 - 26% - 25% - 11:56
3 - 25% - 25% - 11:16
4 - 25% - 25% - 11:20
Normal Defense
1 - 35% - 35% - 15:56
2 - 35% - 35% - 15:50
3 - 29% - 30% - 13:16
4 - 1% - 0% - 0:34
PP Forward
1 - 50% - 50% - 5:04
2 - 50% - 50% - 5:05
PP Defense
1 - 46% - 50% - 4:42
2 - 54% - 50% - 5:27
PK Forward
1 - 48% - 50% - 1:55
2 - 52% - 50% - 2:03
PK Defense
1 - 53% - 50% - 2:07
2 - 47% - 50% - 1:51
PK3 Forward
1 - 0% - 50%
2 - 0% - 50%
PK3 Defense
1 - 0% - 50%
2 - 0% - 50%
44 Forward
1 - 0% - 50%
2 - 0% - 50%
44 Defense
1 - 0% - 50%
2 - 0% - 50%
Last Minute Offensive - 0:00
Last Minute Defensive - 0:17
Total
Forward - 60:00
Defense - 60:00
|
Play-by-Play
1st period
0:01 of 1st period - Tye Kartye wins face-off versus Oskar Sundqvist in neutral zone.
0:16 of 1st period - Slapshot by Zachary Bolduc.
0:16 of 1st period - Stopped by Dennis Hildeby with a rebound.
1:08 of 1st period - Wrist shot by Luca Del Bel Belluz.
1:08 of 1st period - Shot Blocked by Victor Soderstrom.
1:50 of 1st period - Nick Blankenburg is hit by Tyler Tucker.
1:54 of 1st period - Slapshot by Matt Rempe.
1:54 of 1st period - Stopped by Jaxson Stauber without a rebound.
1:55 of 1st period - Patrick Giles wins face-off versus Adam Klapka in Peoria Rivermen zone.
2:31 of 1st period - Snap shot by Patrick Giles.
2:31 of 1st period - Deflect By Emil Heineman.
2:31 of 1st period - Shot Blocked by Tyler Kleven.
2:31 of 1st period - Puck is out of play.
2:32 of 1st period - Nils Aman wins face-off versus Jonas Rondbjerg in Philadelphia Phantoms zone.
2:39 of 1st period - Slapshot by Nico Sturm.
2:39 of 1st period - Goal by Nico Sturm - Peoria Rivermen : 1 - Philadelphia Phantoms : 0.
2:40 of 1st period - Ryan Winterton wins face-off versus Nico Sturm in neutral zone.
3:06 of 1st period - Zachary Bolduc is hit by Matt Rempe.
3:41 of 1st period - Wrist shot by Patrick Giles.
3:41 of 1st period - Stopped by Dennis Hildeby with a rebound.
3:59 of 1st period - Snap shot by Jonas Rondbjerg.
3:59 of 1st period - Stopped by Dennis Hildeby with a rebound.
4:34 of 1st period - Snap shot by Zachary Bolduc.
4:34 of 1st period - Shot Misses the Net.
6:07 of 1st period - Snap shot by Nico Sturm.
6:07 of 1st period - Stopped by Dennis Hildeby with a rebound.
6:32 of 1st period - Egor Afanasyev is hit by Jalen Chatfield and loses puck.
6:47 of 1st period - Emil Heineman is hit by Tyler Kleven and loses puck.
7:32 of 1st period - Snap shot by Nico Sturm.
7:32 of 1st period - Stopped by Dennis Hildeby without a rebound.
7:33 of 1st period - Nico Sturm wins face-off versus Ryan Winterton in Philadelphia Phantoms zone.
7:34 of 1st period - Wrist shot by Jonas Rondbjerg.
7:34 of 1st period - Stopped by Dennis Hildeby with a rebound.
7:36 of 1st period - Snap shot by Nico Sturm.
7:36 of 1st period - Stopped by Dennis Hildeby without a rebound.
7:37 of 1st period - Ryan Winterton wins face-off versus Nico Sturm in Philadelphia Phantoms zone.
7:49 of 1st period - Wrist shot by Jonathan Gruden.
7:49 of 1st period - Stopped by Dennis Hildeby with a rebound.
7:51 of 1st period - Slapshot by Tyler Tucker.
7:51 of 1st period - Shot Misses the Net.
8:09 of 1st period - Wrist shot by Jonathan Gruden.
8:09 of 1st period - Stopped by Dennis Hildeby without a rebound.
8:10 of 1st period - Oskar Sundqvist wins face-off versus Lukas Rousek in Philadelphia Phantoms zone.
8:15 of 1st period - Wrist shot by Colin Blackwell.
8:15 of 1st period - Stopped by Dennis Hildeby without a rebound.
8:16 of 1st period - Jaret Anderson-Dolan wins face-off versus Oskar Sundqvist in Philadelphia Phantoms zone.
8:31 of 1st period - Snap shot by Jaret Anderson-Dolan.
8:31 of 1st period - Stopped by Jaxson Stauber without a rebound.
8:32 of 1st period - Egor Afanasyev wins face-off versus Nico Sturm in Peoria Rivermen zone.
8:43 of 1st period - Jonathan Gruden is hit by Tye Kartye and loses puck.
8:58 of 1st period - Wrist shot by Matt Rempe.
8:58 of 1st period - Shot Misses the Net.
9:00 of 1st period - Slapshot by Nick Blankenburg.
9:00 of 1st period - Stopped by Jaxson Stauber with a rebound.
9:08 of 1st period - Snap shot by Matt Rempe.
9:08 of 1st period - Shot Misses the Net.
9:26 of 1st period - Jalen Chatfield is hit by James Malatesta and loses puck.
9:37 of 1st period - Lukas Rousek is hit by Jalen Chatfield and loses puck.
9:56 of 1st period - Snap shot by Jonas Rondbjerg.
9:56 of 1st period - Stopped by Dennis Hildeby with a rebound.
10:24 of 1st period - Snap shot by Zachary Bolduc.
10:24 of 1st period - Stopped by Dennis Hildeby with a rebound.
10:43 of 1st period - Wrist shot by Adam Klapka.
10:43 of 1st period - Shot Misses the Net.
10:45 of 1st period - Slapshot by Reilly Walsh.
10:45 of 1st period - Shot Blocked by Matt Kessel.
10:47 of 1st period - Wrist shot by Matt Rempe.
10:47 of 1st period - Shot Blocked by Tyler Tucker.
10:59 of 1st period - Slapshot by Tyler Tucker.
10:59 of 1st period - Shot Misses the Net.
11:01 of 1st period - Wrist shot by Tanner Fritz.
11:01 of 1st period - Shot Misses the Net.
11:17 of 1st period - Jonathan Gruden is hit by Tye Kartye and loses puck.
11:43 of 1st period - Snap shot by Colin Blackwell.
11:43 of 1st period - Goal by Colin Blackwell - Peoria Rivermen : 2 - Philadelphia Phantoms : 0.
11:44 of 1st period - Adam Klapka wins face-off versus Oskar Sundqvist in neutral zone.
12:13 of 1st period - Snap shot by Jonathan Gruden.
12:13 of 1st period - Stopped by Dennis Hildeby without a rebound.
12:14 of 1st period - Nico Sturm wins face-off versus Luca Del Bel Belluz in Philadelphia Phantoms zone.
12:21 of 1st period - Wrist shot by Nico Sturm.
12:21 of 1st period - Stopped by Dennis Hildeby with a rebound.
12:27 of 1st period - Snap shot by Luca Del Bel Belluz.
12:27 of 1st period - Stopped by Jaxson Stauber with a rebound.
12:29 of 1st period - Snap shot by Lukas Rousek.
12:29 of 1st period - Shot Blocked by Jonathan Gruden.
12:39 of 1st period - Wrist shot by Nico Sturm.
12:39 of 1st period - Goal by Nico Sturm - Peoria Rivermen : 3 - Philadelphia Phantoms : 0.
12:40 of 1st period - Patrick Giles wins face-off versus Egor Afanasyev in neutral zone.
12:50 of 1st period - Tye Kartye is hit by Patrick Giles and loses puck.
13:05 of 1st period - Slapshot by Zachary Bolduc.
13:05 of 1st period - Stopped by Dennis Hildeby with a rebound.
13:15 of 1st period - Wrist shot by James Malatesta.
13:15 of 1st period - Stopped by Jaxson Stauber without a rebound.
13:16 of 1st period - Tanner Fritz wins face-off versus Luca Del Bel Belluz in Peoria Rivermen zone.
13:48 of 1st period - Slapshot by Adam Klapka.
13:48 of 1st period - Shot Misses the Net.
14:08 of 1st period - Wrist shot by Emil Heineman.
14:08 of 1st period - Stopped by Dennis Hildeby with a rebound.
14:12 of 1st period - Wrist shot by Emil Heineman.
14:12 of 1st period - Shot Misses the Net.
14:14 of 1st period - Wrist shot by Emil Heineman.
14:14 of 1st period - Stopped by Dennis Hildeby without a rebound.
14:15 of 1st period - Nico Sturm wins face-off versus Tye Kartye in Philadelphia Phantoms zone.
14:19 of 1st period - Icing by Nick Blankenburg.
14:20 of 1st period - Egor Afanasyev wins face-off versus Nico Sturm in Philadelphia Phantoms zone.
14:25 of 1st period - Slapshot by Alex Steeves.
14:25 of 1st period - Stopped by Jaxson Stauber without a rebound.
14:26 of 1st period - Egor Afanasyev wins face-off versus Patrick Giles in Peoria Rivermen zone.
14:51 of 1st period - James Malatesta is hit by Oskar Sundqvist and loses puck.
16:12 of 1st period - Snap shot by Zachary Bolduc.
16:12 of 1st period - Shot Misses the Net.
16:14 of 1st period - Slapshot by Mason Lohrei.
16:14 of 1st period - Shot Blocked by Nils Aman.
16:16 of 1st period - Snap shot by Zachary Bolduc.
16:16 of 1st period - Stopped by Dennis Hildeby without a rebound.
16:17 of 1st period - Oskar Sundqvist wins face-off versus Matt Rempe in Philadelphia Phantoms zone.
16:32 of 1st period - Snap shot by Adam Klapka.
16:32 of 1st period - Shot Misses the Net.
16:47 of 1st period - Wrist shot by Lukas Rousek.
16:47 of 1st period - Shot Misses the Net.
16:59 of 1st period - Jalen Chatfield is hit by Jaret Anderson-Dolan and loses puck.
17:05 of 1st period - Icing by Jalen Chatfield.
17:06 of 1st period - Ryan Winterton wins face-off versus Nico Sturm in Peoria Rivermen zone.
17:07 of 1st period - Wrist shot by Nils Aman.
17:07 of 1st period - Shot Blocked by Jonas Rondbjerg.
17:09 of 1st period - Wrist shot by James Malatesta.
17:09 of 1st period - Shot Misses the Net.
17:11 of 1st period - Snap shot by Nils Aman.
17:11 of 1st period - Deflect By James Malatesta.
17:11 of 1st period - Stopped by Jaxson Stauber with a rebound.
17:13 of 1st period - Snap shot by James Malatesta.
17:13 of 1st period - Stopped by Jaxson Stauber without a rebound.
17:14 of 1st period - Ryan Winterton wins face-off versus Grant Mismash in Peoria Rivermen zone.
17:23 of 1st period - Wrist shot by Patrick Giles.
17:23 of 1st period - Stopped by Dennis Hildeby without a rebound.
17:24 of 1st period - Patrick Giles wins face-off versus Egor Afanasyev in Philadelphia Phantoms zone.
17:31 of 1st period - Slapshot by Tye Kartye.
17:31 of 1st period - Shot Misses the Net.
17:37 of 1st period - Snap shot by Emil Heineman.
17:37 of 1st period - Deflect By Patrick Giles.
17:37 of 1st period - Stopped by Dennis Hildeby with a rebound.
17:39 of 1st period - Slapshot by Matt Kessel.
17:39 of 1st period - Stopped by Dennis Hildeby with a rebound.
17:41 of 1st period - Snap shot by Tyler Tucker.
17:41 of 1st period - Shot Misses the Net.
17:43 of 1st period - Wrist shot by Tyler Tucker.
17:43 of 1st period - Shot Misses the Net.
17:45 of 1st period - Slapshot by Matt Kessel.
17:45 of 1st period - Shot Blocked by Nick Blankenburg.
17:47 of 1st period - Wrist shot by Emil Heineman.
17:47 of 1st period - Shot Misses the Net.
18:14 of 1st period - Icing by Tyler Tucker.
18:15 of 1st period - Patrick Giles wins face-off versus Adam Klapka in Peoria Rivermen zone.
18:15 of 1st period - Matt Rempe and Patrick Giles fight to a draw.
18:15 of 1st period - Penalty to Matt Rempe for Fighting.
18:15 of 1st period - Penalty to Patrick Giles for Fighting.
18:15 of 1st period - Penalty to Patrick Giles for instigated a fight.
18:15 of 1st period - Penalty to Patrick Giles for instigated and being the aggresor in a fight.
18:15 of 1st period - Patrick Giles is ejected from game.
18:16 of 1st period - Nico Sturm wins face-off versus Luca Del Bel Belluz in Peoria Rivermen zone.
18:27 of 1st period - Wrist shot by Luca Del Bel Belluz.
18:27 of 1st period - Shot Misses the Net.
18:29 of 1st period - Wrist shot by Ryan Winterton.
18:29 of 1st period - Deflect By Alex Steeves.
18:29 of 1st period - Goal by Alex Steeves - Peoria Rivermen : 3 - Philadelphia Phantoms : 1.
18:30 of 1st period - Oskar Sundqvist wins face-off versus Adam Klapka in neutral zone.
18:41 of 1st period - Snap shot by Adam Klapka.
18:41 of 1st period - Stopped by Jaxson Stauber with a rebound.
18:56 of 1st period - Jaret Anderson-Dolan is hit by Jonathan Gruden and loses puck.
19:43 of 1st period - Slapshot by Alex Steeves.
19:43 of 1st period - Shot Misses the Net.
19:45 of 1st period - Snap shot by Tye Kartye.
19:45 of 1st period - Stopped by Jaxson Stauber without a rebound.
19:46 of 1st period - Oskar Sundqvist wins face-off versus Adam Klapka in Peoria Rivermen zone.
Goals for this period are 3 for Peoria Rivermen vs 1 for Philadelphia Phantoms.
Shots for this period are 24 for Peoria Rivermen vs 11 for Philadelphia Phantoms.
2nd period
0:01 of 2nd period - Luca Del Bel Belluz wins face-off versus Jonathan Gruden in neutral zone.
1:49 of 2nd period - Slapshot by Oskar Sundqvist.
1:49 of 2nd period - Deflect By Colin Blackwell.
1:49 of 2nd period - Stopped by Dennis Hildeby without a rebound.
1:50 of 2nd period - Oskar Sundqvist wins face-off versus Ryan Winterton in Philadelphia Phantoms zone.
2:03 of 2nd period - Snap shot by James Malatesta.
2:03 of 2nd period - Stopped by Jaxson Stauber with a rebound.
2:39 of 2nd period - Wrist shot by Lukas Rousek.
2:39 of 2nd period - Goal by Lukas Rousek - Peoria Rivermen : 3 - Philadelphia Phantoms : 2.
2:40 of 2nd period - Oskar Sundqvist wins face-off versus Ryan Winterton in neutral zone.
3:26 of 2nd period - Minor Penalty to Jalen Chatfield for Delaying the game.
3:27 of 2nd period - Egor Afanasyev wins face-off versus Emil Heineman in Peoria Rivermen zone.
3:38 of 2nd period - Nico Sturm is hit by Tye Kartye and loses puck.
3:43 of 2nd period - Wrist shot by Tye Kartye.
3:43 of 2nd period - Stopped by Jaxson Stauber without a rebound.
3:44 of 2nd period - Luca Del Bel Belluz wins face-off versus Emil Heineman in Peoria Rivermen zone.
3:53 of 2nd period - Snap shot by Alex Steeves.
3:53 of 2nd period - Shot Blocked by Jaycob Megna.
3:55 of 2nd period - Slapshot by Marcus Bjork.
3:55 of 2nd period - Stopped by Jaxson Stauber with a rebound.
3:57 of 2nd period - Snap shot by Luca Del Bel Belluz.
3:57 of 2nd period - Deflect By Ryan Winterton.
3:57 of 2nd period - Shot Blocked by Jaycob Megna.
3:57 of 2nd period - Puck is out of play.
3:58 of 2nd period - Egor Afanasyev wins face-off versus Emil Heineman in Peoria Rivermen zone.
4:13 of 2nd period - Wrist shot by James Malatesta.
4:13 of 2nd period - Shot Blocked by Tanner Fritz.
4:31 of 2nd period - Slapshot by Luca Del Bel Belluz.
4:31 of 2nd period - Shot Blocked by Mason Lohrei.
4:33 of 2nd period - Slapshot by Ryan Johnson.
4:33 of 2nd period - Stopped by Jaxson Stauber with a rebound.
5:26 of 2nd period - Penalty to Jalen Chatfield is over, Jalen Chatfield is back on ice.
5:49 of 2nd period - Adam Klapka is hit by Matt Kessel and loses puck.
6:42 of 2nd period - Louis Crevier is hit by Oskar Sundqvist.
7:31 of 2nd period - Marcus Bjork is hit by Tyler Tucker and loses puck.
7:51 of 2nd period - Minor Penalty to Tyler Kleven for Tripping.
7:52 of 2nd period - Oskar Sundqvist wins face-off versus Adam Klapka in Philadelphia Phantoms zone.
8:01 of 2nd period - Snap shot by Oskar Sundqvist.
8:01 of 2nd period - Stopped by Dennis Hildeby without a rebound.
8:02 of 2nd period - Adam Klapka wins face-off versus Oskar Sundqvist in Philadelphia Phantoms zone.
8:11 of 2nd period - Snap shot by Zachary Bolduc.
8:11 of 2nd period - Stopped by Dennis Hildeby without a rebound.
8:12 of 2nd period - Egor Afanasyev wins face-off versus Jonathan Gruden in Philadelphia Phantoms zone.
9:16 of 2nd period - Jaret Anderson-Dolan is hit by Mason Lohrei and loses puck.
9:51 of 2nd period - Penalty to Tyler Kleven is over, Tyler Kleven is back on ice.
10:29 of 2nd period - Minor Penalty to Jesper Froden for Roughing.
10:30 of 2nd period - Nico Sturm wins face-off versus Luca Del Bel Belluz in Peoria Rivermen zone.
10:43 of 2nd period - Snap shot by Reilly Walsh.
10:43 of 2nd period - Shot Misses the Net.
11:07 of 2nd period - Nico Sturm is hit by James Malatesta and loses puck.
11:26 of 2nd period - Jaycob Megna is hit by Luca Del Bel Belluz and loses puck.
11:37 of 2nd period - Slapshot by Jalen Chatfield.
11:37 of 2nd period - Deflect By Nico Sturm.
11:37 of 2nd period - Stopped by Dennis Hildeby with a rebound.
12:29 of 2nd period - Penalty to Jesper Froden is over, Jesper Froden is back on ice.
12:47 of 2nd period - Snap shot by Adam Klapka.
12:47 of 2nd period - Goal by Adam Klapka - Peoria Rivermen : 3 - Philadelphia Phantoms : 3.
12:48 of 2nd period - Adam Klapka wins face-off versus Nico Sturm in neutral zone.
13:04 of 2nd period - Matt Rempe and Mason Lohrei fight to a draw.
13:04 of 2nd period - Penalty to Matt Rempe for Fighting.
13:04 of 2nd period - Penalty to Mason Lohrei for Fighting.
13:05 of 2nd period - Nico Sturm wins face-off versus Ryan Winterton in Peoria Rivermen zone.
13:15 of 2nd period - 10 Minutes Misconduct Penalty to Patrick Giles is over.
13:40 of 2nd period - Tye Kartye is hit by Tyler Tucker and loses puck.
14:07 of 2nd period - Ryan Johnson is hit by Sasha Chmelevski and loses puck.
14:35 of 2nd period - Minor Penalty to Jaycob Megna for Holding.
14:36 of 2nd period - Nico Sturm wins face-off versus Luca Del Bel Belluz in Peoria Rivermen zone.
15:00 of 2nd period - Reilly Walsh is hit by Nico Sturm and loses puck.
15:56 of 2nd period - Tyler Tucker is hit by Luca Del Bel Belluz and loses puck.
16:35 of 2nd period - Penalty to Jaycob Megna is over, Jaycob Megna is back on ice.
16:54 of 2nd period - Slapshot by Zachary Bolduc.
16:54 of 2nd period - Shot Misses the Net.
17:27 of 2nd period - Icing by Nick Blankenburg.
17:28 of 2nd period - Adam Klapka wins face-off versus Nico Sturm in Philadelphia Phantoms zone.
17:35 of 2nd period - Slapshot by Jonas Rondbjerg.
17:35 of 2nd period - Stopped by Dennis Hildeby without a rebound.
17:36 of 2nd period - Oskar Sundqvist wins face-off versus Ryan Winterton in Philadelphia Phantoms zone.
17:41 of 2nd period - Snap shot by Colin Blackwell.
17:41 of 2nd period - Deflect By Oskar Sundqvist.
17:41 of 2nd period - Shot Misses the Net.
17:41 of 2nd period - Puck is out of play.
17:42 of 2nd period - Ryan Winterton wins face-off versus Oskar Sundqvist in Philadelphia Phantoms zone.
18:09 of 2nd period - Wrist shot by Alex Steeves.
18:09 of 2nd period - Shot Misses the Net.
18:11 of 2nd period - Wrist shot by Alex Steeves.
18:11 of 2nd period - Shot Blocked by Jonathan Gruden.
18:13 of 2nd period - Wrist shot by Egor Afanasyev.
18:13 of 2nd period - Shot Blocked by Jonas Rondbjerg.
18:15 of 2nd period - Slapshot by Nick Blankenburg.
18:15 of 2nd period - Shot Blocked by Tyler Tucker.
18:17 of 2nd period - Slapshot by Nick Blankenburg.
18:17 of 2nd period - Stopped by Jaxson Stauber with a rebound.
18:19 of 2nd period - Snap shot by Tye Kartye.
18:19 of 2nd period - Deflect By Egor Afanasyev.
18:19 of 2nd period - Stopped by Jaxson Stauber with a rebound.
18:35 of 2nd period - Alex Swetlikoff is hit by Emil Heineman and loses puck.
19:12 of 2nd period - Icing by Jalen Chatfield.
19:13 of 2nd period - Egor Afanasyev wins face-off versus Tanner Fritz in Peoria Rivermen zone.
19:58 of 2nd period - Wrist shot by Jonas Rondbjerg.
19:58 of 2nd period - Shot Misses the Net.
Goals for this period are 0 for Peoria Rivermen vs 2 for Philadelphia Phantoms.
Shots for this period are 5 for Peoria Rivermen vs 8 for Philadelphia Phantoms.
3rd period
0:01 of 3rd period - Jonathan Gruden wins face-off versus Ryan Winterton in neutral zone.
0:04 of 3rd period - Slapshot by Victor Soderstrom.
0:04 of 3rd period - Shot Misses the Net.
0:26 of 3rd period - Emil Heineman is hit by Nick Blankenburg and loses puck.
0:50 of 3rd period - Slapshot by Egor Afanasyev.
0:50 of 3rd period - Shot Blocked by Tyler Tucker.
0:52 of 3rd period - Wrist shot by Louis Crevier.
0:52 of 3rd period - Stopped by Jaxson Stauber with a rebound.
0:54 of 3rd period - Slapshot by Tye Kartye.
0:54 of 3rd period - Shot Misses the Net.
0:56 of 3rd period - Wrist shot by Alex Steeves.
0:56 of 3rd period - Goal by Alex Steeves - Peoria Rivermen : 3 - Philadelphia Phantoms : 4.
0:57 of 3rd period - Nico Sturm wins face-off versus Nils Aman in neutral zone.
1:23 of 3rd period - Jalen Chatfield is hit by Jaret Anderson-Dolan and loses puck.
1:36 of 3rd period - Slapshot by Jaret Anderson-Dolan.
1:36 of 3rd period - Shot Blocked by Victor Soderstrom.
1:48 of 3rd period - Wrist shot by Zachary Bolduc.
1:48 of 3rd period - Shot Misses the Net.
1:50 of 3rd period - Snap shot by Victor Soderstrom.
1:50 of 3rd period - Shot Misses the Net.
2:06 of 3rd period - Matt Kessel is hit by Alex Steeves and loses puck.
2:38 of 3rd period - Jonas Rondbjerg is hit by Jaret Anderson-Dolan and loses puck.
2:49 of 3rd period - Wrist shot by Jonathan Gruden.
2:49 of 3rd period - Stopped by Dennis Hildeby with a rebound.
2:51 of 3rd period - Slapshot by Nico Sturm.
2:51 of 3rd period - Shot Blocked by Luca Del Bel Belluz.
2:53 of 3rd period - Snap shot by Nico Sturm.
2:53 of 3rd period - Deflect By Jonathan Gruden.
2:53 of 3rd period - Shot Blocked by Ryan Johnson.
2:53 of 3rd period - Puck is out of play.
2:54 of 3rd period - Adam Klapka wins face-off versus Sasha Chmelevski in Philadelphia Phantoms zone.
3:44 of 3rd period - Jalen Chatfield is hit by James Malatesta and loses puck.
3:51 of 3rd period - Slapshot by James Malatesta.
3:51 of 3rd period - Stopped by Jaxson Stauber without a rebound.
3:52 of 3rd period - Egor Afanasyev wins face-off versus Sasha Chmelevski in Peoria Rivermen zone.
4:07 of 3rd period - Wrist shot by Tye Kartye.
4:07 of 3rd period - Stopped by Jaxson Stauber without a rebound.
4:08 of 3rd period - Colin Blackwell wins face-off versus Luca Del Bel Belluz in Peoria Rivermen zone.
4:13 of 3rd period - Wrist shot by Zachary Bolduc.
4:13 of 3rd period - Shot Misses the Net.
4:15 of 3rd period - Slapshot by Colin Blackwell.
4:15 of 3rd period - Stopped by Dennis Hildeby with a rebound.
4:17 of 3rd period - Snap shot by Zachary Bolduc.
4:17 of 3rd period - Stopped by Dennis Hildeby without a rebound.
4:18 of 3rd period - Oskar Sundqvist wins face-off versus Luca Del Bel Belluz in Philadelphia Phantoms zone.
5:10 of 3rd period - Snap shot by Oskar Sundqvist.
5:10 of 3rd period - Stopped by Dennis Hildeby with a rebound.
5:12 of 3rd period - Slapshot by Jalen Chatfield.
5:12 of 3rd period - Stopped by Dennis Hildeby without a rebound.
5:13 of 3rd period - Adam Klapka wins face-off versus Jonas Rondbjerg in Philadelphia Phantoms zone.
5:13 of 3rd period - Adam Klapka is hit by Jonathan Gruden.
5:25 of 3rd period - Slapshot by Adam Klapka.
5:25 of 3rd period - Shot Blocked by Matt Kessel.
5:27 of 3rd period - Slapshot by Marcus Bjork.
5:27 of 3rd period - Goal by Marcus Bjork - Peoria Rivermen : 3 - Philadelphia Phantoms : 5.
5:28 of 3rd period - Egor Afanasyev wins face-off versus Sasha Chmelevski in neutral zone.
5:55 of 3rd period - Nico Sturm is hit by Ryan Johnson and loses puck.
6:18 of 3rd period - Backhand shot by James Malatesta.
6:18 of 3rd period - Stopped by Jaxson Stauber with a rebound.
6:47 of 3rd period - Tanner Fritz is hit by Marcus Bjork and loses puck.
8:01 of 3rd period - Off-side.
8:02 of 3rd period - Adam Klapka wins face-off versus Tanner Fritz in neutral zone.
8:05 of 3rd period - Snap shot by Ryan Johnson.
8:05 of 3rd period - Shot Blocked by Mason Lohrei.
8:07 of 3rd period - Slapshot by Tyler Kleven.
8:07 of 3rd period - Shot Blocked by Jaycob Megna.
8:15 of 3rd period - Slapshot by Matt Rempe.
8:15 of 3rd period - Shot Misses the Net.
8:27 of 3rd period - Jonas Rondbjerg is hit by Egor Afanasyev and loses puck.
8:36 of 3rd period - Snap shot by Tye Kartye.
8:36 of 3rd period - Stopped by Jaxson Stauber without a rebound.
8:37 of 3rd period - Ryan Winterton wins face-off versus Sasha Chmelevski in Peoria Rivermen zone.
9:21 of 3rd period - Snap shot by Oskar Sundqvist.
9:21 of 3rd period - Goal by Oskar Sundqvist - Peoria Rivermen : 4 - Philadelphia Phantoms : 5.
9:22 of 3rd period - Sasha Chmelevski wins face-off versus Luca Del Bel Belluz in neutral zone.
9:29 of 3rd period - Snap shot by Emil Heineman.
9:29 of 3rd period - Deflect By Sasha Chmelevski.
9:29 of 3rd period - Stopped by Dennis Hildeby with a rebound.
9:34 of 3rd period - Minor Penalty to Lukas Rousek for Interference.
9:35 of 3rd period - Nico Sturm wins face-off versus Egor Afanasyev in Philadelphia Phantoms zone.
9:35 of 3rd period - Wrist shot by Jonas Rondbjerg.
9:35 of 3rd period - Stopped by Dennis Hildeby with a rebound.
9:37 of 3rd period - Snap shot by Nico Sturm.
9:37 of 3rd period - Shot Misses the Net.
9:39 of 3rd period - Slapshot by Jalen Chatfield.
9:39 of 3rd period - Shot Misses the Net.
9:43 of 3rd period - Snap shot by Jonas Rondbjerg.
9:43 of 3rd period - Shot Misses the Net.
9:45 of 3rd period - Wrist shot by Jalen Chatfield.
9:45 of 3rd period - Shot Misses the Net.
11:34 of 3rd period - Penalty to Lukas Rousek is over, Lukas Rousek is back on ice.
12:02 of 3rd period - Jalen Chatfield is hit by Tye Kartye.
12:14 of 3rd period - Oskar Sundqvist is hit by Adam Klapka and loses puck.
12:31 of 3rd period - Sasha Chmelevski is hit by Tyler Kleven.
12:36 of 3rd period - Minor Penalty to Jesper Froden for Interference.
12:37 of 3rd period - Nico Sturm wins face-off versus Luca Del Bel Belluz in Peoria Rivermen zone.
13:44 of 3rd period - Nico Sturm is hit by Ryan Winterton and loses puck.
14:01 of 3rd period - Ryan Winterton is hit by Emil Heineman and loses puck.
14:36 of 3rd period - Penalty to Jesper Froden is over, Jesper Froden is back on ice.
14:52 of 3rd period - Snap shot by Tanner Fritz.
14:52 of 3rd period - Stopped by Dennis Hildeby without a rebound.
14:53 of 3rd period - Oskar Sundqvist wins face-off versus Luca Del Bel Belluz in Philadelphia Phantoms zone.
14:56 of 3rd period - Snap shot by Zachary Bolduc.
14:56 of 3rd period - Stopped by Dennis Hildeby without a rebound.
14:57 of 3rd period - Luca Del Bel Belluz wins face-off versus Oskar Sundqvist in Philadelphia Phantoms zone.
15:06 of 3rd period - Wrist shot by Oskar Sundqvist.
15:06 of 3rd period - Shot Misses the Net.
15:26 of 3rd period - Off-side.
15:27 of 3rd period - Ryan Winterton wins face-off versus Sasha Chmelevski in neutral zone.
15:36 of 3rd period - Snap shot by Jalen Chatfield.
15:36 of 3rd period - Shot Misses the Net.
15:38 of 3rd period - Wrist shot by Emil Heineman.
15:38 of 3rd period - Deflect By Grant Mismash.
15:38 of 3rd period - Shot Blocked by Reilly Walsh.
15:38 of 3rd period - Puck is out of play.
15:39 of 3rd period - Ryan Winterton wins face-off versus Emil Heineman in Philadelphia Phantoms zone.
16:01 of 3rd period - James Malatesta is hit by Grant Mismash and loses puck.
16:12 of 3rd period - Slapshot by Oskar Sundqvist.
16:12 of 3rd period - Stopped by Dennis Hildeby with a rebound.
16:38 of 3rd period - Snap shot by Tye Kartye.
16:38 of 3rd period - Stopped by Jaxson Stauber with a rebound.
16:40 of 3rd period - Snap shot by Egor Afanasyev.
16:40 of 3rd period - Stopped by Jaxson Stauber with a rebound.
16:42 of 3rd period - Slapshot by Alex Steeves.
16:42 of 3rd period - Shot Misses the Net.
16:54 of 3rd period - Snap shot by Luca Del Bel Belluz.
16:54 of 3rd period - Deflect By Lukas Rousek.
16:54 of 3rd period - Shot Misses the Net.
16:54 of 3rd period - Puck is out of play.
16:55 of 3rd period - Luca Del Bel Belluz wins face-off versus Oskar Sundqvist in Peoria Rivermen zone.
17:27 of 3rd period - Off-side.
17:28 of 3rd period - Adam Klapka wins face-off versus Sasha Chmelevski in neutral zone.
17:36 of 3rd period - Minor Penalty to Sasha Chmelevski for Slashing.
17:37 of 3rd period - Nico Sturm wins face-off versus Egor Afanasyev in Peoria Rivermen zone.
19:31 of 3rd period - Tye Kartye is hit by Nico Sturm and loses puck.
19:36 of 3rd period - Penalty to Sasha Chmelevski is over, Sasha Chmelevski is back on ice.
19:38 of 3rd period - Tanner Fritz is hit by Tye Kartye and loses puck.
Goals for this period are 1 for Peoria Rivermen vs 2 for Philadelphia Phantoms.
Shots for this period are 11 for Peoria Rivermen vs 9 for Philadelphia Phantoms.
Back to the Top